 Seeded DCSS version 0.29.0-11-gd7f09526c8 (webtiles) character file.

Game seed: 3121381558354691732 (custom seed)

7 purpskrrrp the Shooter (level 2, 10/17 HPs)
             Began as a Kobold Hunter on Sept 7, 2022.
             Quit the game on level 1 of the Dungeon.
             The game lasted 00:00:52 (375 turns).

purpskrrrp the Shooter (Kobold Hunter)               Turns: 375, Time: 00:00:53

Health: 10/17      AC:  3    Str:  8    XL:     2   Next: 5%
Magic:  2/2        EV: 14    Int: 10    God:
Gold:   64         SH:  0    Dex: 18    Spells: 1/1 levels left

rFire   . . .      SeeInvis .   a - +0 shortbow
rCold   . . .      Faith    .   (shield currently unavailable)
rNeg    . . .      Spirit   .   c - +0 leather armour
rPois   .          Reflect  .   (no helmet)
rElec   .          Harm     .   (no cloak)
rCorr   .          Rampage  .   (no gloves)
Will    .....                   (no boots)
Stlth   +++.......              (no amulet)
HPRegen 0.05/turn               (no ring)
MPRegen 0.08/turn               (no ring)

@: no status effects
A: small, no large weapons, nightstalker 3
a: no special abilities


You were on level 1 of the Dungeon.
You visited 1 branch of the dungeon, and saw 1 of its levels.

You collected 64 gold pieces.

Inventory:

Hand Weapons
 a - a +0 shortbow (weapon)
Missiles
 f - 2 throwing nets
Armour
 c - a +0 leather armour (worn)
Jewellery
 g - a +6 ring of strength
Scrolls
 b - a scroll of immolation
 d - a scroll of identify {unknown}
 e - a scroll of acquirement


   Skills:
 - Level 2.1 Fighting
 + Level 5.8 Ranged Weapons
 - Level 2.4 Dodging
 - Level 1.3 Stealth


You had one spell level left.
You didn't know any spells.
Your spell library contained the following spells:

 Spells                   Type           Power      Damage    Failure   Level
 Sting                    Tmut/Pois      0%         1d3       50%         1


Dungeon Overview and Level Annotations

Branches:
Dungeon (1/15)

Altars:


Innate Abilities, Weirdness & Mutations

You are small and have problems with some larger weapons.
You are completely attuned to the shadows.


Message History

The rat closely misses you.
You shoot an arrow. The arrow hits the rat!
You kill the rat!
The bat completely misses you. The bat hits you.
You have reached level 2!
You shoot an arrow. The arrow closely misses the bat.
The bat closely misses you. The bat barely misses you.
You shoot an arrow. The arrow barely misses the bat.
The bat barely misses you.
You shoot an arrow. The arrow barely misses the bat.
The bat barely misses you.
You shoot an arrow. The arrow hits the bat!
You kill the bat!
No target in view!
No target in view!
No target in view!
No target in view!
No target in view!
No target in view!
No target in view!
No target in view!
No target in view!
No target in view!
No target in view!
No target in view!
No target in view!
No target in view!
No target in view!
No target in view!
No target in view!
No target in view!
No target in view!
No target in view!
No target in view!
No target in view!
No target in view!
This is a scroll of acquirement!
Something appears at your feet! Something appears at your feet!
Unknown command.
Unknown command.
Are you sure you want to abandon this character and quit the game? (Confirm with "yes".)

#.^......^^....
#..............
..........#
.....#.....
..#..#....## .
######...#.#.#.# .≈
.....##.##.#.#.#
...#####.##..>....).
.≈.)@..............
...###########.####
≈. #.# . ..#


There were no monsters in sight!

Vanquished Creatures
  An endoplasm (D:1)
  2 goblins (D:1)
  A bat (D:1)
  A frilled lizard (D:1)
  2 rats (D:1)
7 creatures vanquished.

Notes
Turn   | Place    | Note
-------+----------+-------------------------------------------
     0 | D:1      | purpskrrrp the Kobold Hunter began the quest for the Orb.
     0 | D:1      | Reached XP level 1. HP: 12/12 MP: 1/1
   327 | D:1      | Found a faded altar of an unknown god.
   334 | D:1      | Got Plato's Secrets of Vitiation
   369 | D:1      | Reached XP level 2. HP: 9/17 MP: 2/2
   373 | D:1      | Identified 3 scrolls of acquirement
   373 | D:1      | Acquired a +3 shortbow of freezing
   374 | D:1      | Acquired 914 gold pieces
   375 | D:1      | Quit the game

Illustrated notes

Levels and vault maps discovered:
D:1:      minmay_arrival_glassed_features, layout_loops_ring,
          shapermc_ecumenical_altar_rom_forum, nicolae_kite_square_tiling_tiny

Action                   || total
-------------------------++-------
 Fire: Shortbow          ||    19
  Use: Scroll            ||     2
Armor: Leather armour    ||     3
Dodge: Dodged            ||    10
